 Dungeon Crawl Stone Soup version 0.30-a0-1053-gbd8d5ba0ad (webtiles) character file.

Game seed: 15612483682260462573

192 BlueFish the Sneak (level 5, -4/36 HPs)
             Began as an Octopode Fighter on Apr 12, 2023.
             Slain by Ijyb
             ... wielding a +8 club
              (11 damage)
             ... on level 3 of the Dungeon.
             The game lasted 00:05:03 (2365 turns).

BlueFish the Sneak (Octopode Fighter)               Turns: 2365, Time: 00:05:04

Health: -4/36      AC:  1    Str: 18    XL:     5   Next: 71%
Magic:  5/5        EV: 13    Int: 16    God:
Gold:   109        SH:  4    Dex: 11    Spells: 4/4 levels left

rFire   . . .      SeeInvis .    a - +0 flail
rCold   . . .      Faith    .    h - +0 buckler
rNeg    . . .      Spirit   .    (helmet restricted)
rPois   .          Reflect  .    k - amulet of magic regeneration
rElec   .          Rampage  .    r - +6 ring of intelligence
rCorr   .                        (no ring)
Will    .....                    (no ring)
Stlth   +++                      (no ring)
HPRegen 0.26/turn                (no ring)
MPRegen 0.49/turn                (no ring)
                                 (no ring)
                                 (no ring)

@: no status effects
A: almost no armour, amphibious, 8 rings, camouflage 1, gelatinous body 1,
(nimble swimmer 1), tentacles
a: no special abilities


You were on level 3 of the Dungeon.
You visited 1 branch of the dungeon, and saw 3 of its levels.

You collected 109 gold pieces.

Inventory:

Hand Weapons
 a - a +0 flail (weapon)
 b - a +0 sling
Missiles
 f - 22 stones (quivered)
 n - 3 javelins
 q - 11 poisoned darts
Armour
 h - a +0 buckler (worn)
Jewellery
 k - an amulet of magic regeneration (around mantle)
 r - a +6 ring of intelligence (left tentacle)
Scrolls
 g - a scroll of fear {unknown}
 i - 2 scrolls of teleportation {unknown}
 j - 2 scrolls of blinking {unknown}
 o - 2 scrolls of fog {unknown}
 u - a scroll of identify {unknown}
 w - a scroll of amnesia {unknown}
 x - a scroll of immolation {unknown}
Potions
 c - 2 potions of might
 d - 3 potions of haste {unknown}
 e - 2 potions of degeneration {unknown}
 l - 3 potions of flight {unknown}
 m - a potion of ambrosia {unknown}
 p - 2 potions of mutation {unknown}
 s - a potion of lignification {unknown}
 t - 4 potions of curing {unknown}
 v - a potion of berserk rage {unknown}
 z - 3 potions of heal wounds {unknown}


   Skills:
 + Level 3.5 Fighting
 + Level 2.7 Maces & Flails
 + Level 1.2 Ranged Weapons
 + Level 1.4 Throwing
 + Level 3.6 Dodging
 * Level 3.8 Stealth
 + Level 3.4 Shields


You had 4 spell levels left.
You didn't know any spells.
Your spell library contained the following spells:

 Spells                   Type           Power      Damage    Failure   Level
 Kiss of Death            Conj/Necr      0%         2d5       32%         1
 Summon Small Mammal      Summ           0%         N/A       32%         1
 Sublimation of Blood     Necr           0%         N/A       45%         2
 Call Canine Familiar     Summ           0%         N/A       69%         3
 Confusing Touch          Hex            0%         N/A       69%         3
 Summon Guardian Golem    Hex/Summ       0%         N/A       69%         3
 Dispel Undead            Necr           0%         3d6       97%         4
 Petrify                  Tmut/Erth      0%         N/A       97%         4
 Irradiate                Conj/Tmut      0%         3d11      100%        5


Dungeon Overview and Level Annotations

Branches:
Dungeon (3/15)

Altars:
Dithmenos

Annotations:
D:3 Ijyb


Innate Abilities, Weirdness & Mutations

You cannot wear most types of armour.
You are amphibious.
You can wear up to eight rings at the same time.
Your skin changes colour to match your surroundings (Stealth+).
Your rubbery body absorbs attacks. (AC +1, EV +1)
((You are camouflaged when in or above water. (Stealth+)))
You have tentacles for arms and can constrict up to eight enemies at once.


Message History

Found 11 gold pieces and 3 lumpy dark potions.
The helpless endoplasm fails to defend itself.
You thump the endoplasm!
You kill the endoplasm!
There is an open door here.
You now have 109 gold pieces (gained 11).
z - 3 lumpy dark potions
t - 4 puce potions (gained 1)
f - 22 stones (gained 5) Ijyb the Twisted Goblin comes into view.
She is wielding a +8 club and carrying a wand of flame (12).
A goblin comes into view. It is wielding a +0 dagger.
An adder comes into view.
The adder barely misses you. x2
You hit the adder but do no damage. Your grab misses the adder.
The adder barely misses you.
You sock the adder! Your grab misses the adder.
The adder is almost dead.
The adder barely misses you. The adder bites you.
You are poisoned.
The adder poisons you!
You hit the adder.
You kill the adder!
You feel sick.
You feel sick.
You feel sick.
You feel sick.
You feel sick.
You are no longer poisoned.
Found a stone staircase leading down.
Found an escape hatch in the floor.
Ijyb is nearby!
Ijyb shouts!
Ijyb throws a stone.
The stone misses you. Ijyb hits you with a +8 club!
You closely miss Ijyb. Your grab misses Ijyb.
Ijyb zaps a wand.
The puff of flame hits you! Ijyb hits you with a +8 club!
* * * LOW HITPOINT WARNING * * *
You closely miss Ijyb. You grab Ijyb. You constrict Ijyb.
Ijyb hits you with a +8 club!
You die...

#### #.. #g# #@# #
#.# # #.# ## .
#.#####.# ..
...g... #.......#
..
........>##..######
.. ...............#
.. ......#######.#
.. ......# #.#


You could see Ijyb.

Vanquished Creatures
  A scorpion (D:2)
  An iguana (D:3)
  Jessica (D:3)
  3 adders
  2 dart slugs (D:1)
  4 ball pythons
  A bat (D:3)
  3 endoplasms
  4 giant cockroaches
  3 goblins
  4 hobgoblins
  6 jackals
  3 quokkas (D:1)
  5 frilled lizards
  3 kobolds
  4 rats
48 creatures vanquished.

Notes
Turn   | Place    | Note
-------+----------+-------------------------------------------
     0 | D:1      | BlueFish the Octopode Fighter began the quest for the Orb.
     0 | D:1      | Reached XP level 1. HP: 16/16 MP: 1/1
   229 | D:1      | Reached skill level 1 in Stealth
   266 | D:1      | Reached XP level 2. HP: 21/21 MP: 2/2
   639 | D:1      | Reached XP level 3. HP: 18/26 MP: 3/3
  1523 | D:2      | Noticed a scorpion
  1527 | D:2      | Killed a scorpion
  1528 | D:2      | Reached skill level 1 in Throwing
  1528 | D:2      | Reached XP level 4. HP: 19/31 MP: 4/4
  1967 | D:3      | Noticed Jessica
  1976 | D:3      | Killed Jessica
  1977 | D:3      | Reached skill level 1 in Ranged Weapons
  1977 | D:3      | Reached XP level 5. HP: 32/36 MP: 5/5
  2268 | D:3      | Found a shadowy altar of Dithmenos.
  2295 | D:3      | Noticed Ijyb
  2365 | D:3      | Slain by Ijyb

Illustrated notes

Levels and vault maps discovered:
D:1:      evilmike_arrival_rings, layout_loops_corners, minmay_pentomino_t2
D:2:      layout_loops_corners
D:3:      layout_basic, grunt_dithmenos_smoke, chequers_serial_rivers_micro_e,
          uniq_jessica, uniq_ijyb

Skill      XL: |  1  2  3  4 |
---------------+-------------+-----
Stealth        | 1 2 3 |  3.8
Throwing       | 1 |  1.4
Ranged Weapons | 1 |  1.2
Fighting       | |  3.5
Maces & Flails | |  2.7
Dodging        | |  3.6
Shields        | |  3.4

Action                     |  1- 3 |  4- 6 || total
---------------------------+-------+-------++-------
  Melee: Flail             |    50 |    37 ||    87
         Constrict         |    12 |     9 ||    21
         Tentacles         |     9 |     4 ||    13
  Throw: Dart              |     2 |       ||     2
   Stab: Sleeping          |    12 |     2 ||    14
 Armour: Skin              |     2 |     2 ||     4
  Dodge: Dodged            |    18 |    20 ||    38
  Block: Buckler           |     2 |     9 ||    11

Table legend: (Time is in decaauts)
 A = Elapsed time spent in this place.
 B = Non-inter-level travel time spent in this place.
 C = Inter-level travel time spent in this place.
 D = Time resting spent in this place.
 E = Time spent auto-exploring this place.
 F = Levels seen in this place.
 G = Mean time per level.
                   A        B        C        D        E       F      G
               +--------+--------+--------+--------+--------+-----+--------+
         Total |   2392 |   2312 |     80 |      0 |   1822 |   3 |  797.3 |
       Dungeon |   2392 |   2312 |     80 |      0 |   1822 |   3 |  797.3 |
               +--------+--------+--------+--------+--------+-----+--------+

Top non-repeatable levels by time:
     D:1: 1005 daAuts
     D:2: 950 daAuts
     D:3: 436 daAuts
